 Dungeon Crawl Stone Soup version 0.29-a0-383-g8b6f518c11 (webtiles) character file.

Game seed: 7313146726901717094

10714 Kenran the Basher (level 11, 0/118 HPs)
             Began as an Ogre Berserker on May 6, 2022.
             Was a Priest of Trog.
             Slain by a water elemental (8 damage)
             ... on level 2 of the Abyss.
             The game lasted 00:28:10 (15736 turns).

Kenran the Basher (Ogre Berserker)                 Turns: 15736, Time: 00:28:11

Health: 0/118      AC:  6    Str: 25    XL:     11   Next: 66%
Magic:  11/11      EV: 10    Int:  8    God:    Trog [***...]
Gold:   582        SH:  6    Dex: 10    Spells: 10/10 levels left

rFire   + . .      SeeInvis .   a - +2 whip (elec)
rCold   + . .      Faith    .   w - +0 kite shield
rNeg    + . .      Spirit   .   H - +2 robe {rC+ rF+}
rPois   .          Reflect  .   (helmet restricted)
rElec   .          Harm     .   e - +0 cloak
rCorr   .          Rampage  .   (gloves unavailable)
Will    +++..                   (boots unavailable)
Stlth   +.........              C - amulet of the acrobat
HPRegen 1.29/turn               y - ring of positive energy
MPRegen 0.12/turn               (no ring)

@: strong-willed, on berserk cooldown, regenerating, slowed, very slow
A: large, unfitting armour, tough skin 1
a: Renounce Religion, Berserk, Trog's Hand


You were on level 2 of the Abyss.
You worshipped Trog.
Trog was most pleased with you.
You visited 1 branch of the dungeon, and saw 11 of its levels.
You visited the Abyss 1 time.
You also visited: Bailey.

You collected 582 gold pieces.

Inventory:

Hand Weapons
 a - a +2 whip of electrocution (weapon)
Armour
 e - a +0 cloak (worn)
 w - a +0 kite shield (worn)
 H - a +2 robe of resistance (worn)
Jewellery
 u - a ring of fire
 y - a ring of positive energy (left hand)
 C - an amulet of the acrobat (around neck)
Wands
 r - a wand of acid (8)
 B - a wand of mindburst (3)
Scrolls
 b - 3 scrolls of enchant armour
 c - 8 scrolls of blinking
 f - a scroll of silence
 h - 2 scrolls of poison {!r}
 j - 3 scrolls of fear
 l - 6 scrolls of teleportation
 o - a scroll of enchant weapon {unknown}
 p - 2 scrolls of summoning
 v - a scroll of acquirement {unknown}
 x - a scroll of noise {unknown}
 A - a scroll of torment {unknown}
 E - 3 scrolls of fog
 I - 2 scrolls of magic mapping
Potions
 d - a potion of heal wounds {unknown}
 g - 4 potions of curing {@q1}
 i - a potion of attraction {unknown}
 k - a potion of experience
 m - 2 potions of lignification {unknown}
 n - 6 potions of brilliance {unknown}
 q - 4 potions of invisibility
 s - 2 potions of cancellation
 t - a potion of ambrosia {unknown}
 z - a potion of flight {unknown}
 D - a potion of mutation {unknown}
 F - a potion of degeneration {unknown}
 G - a potion of might {unknown}


   Skills:
 + Level 10.2 Fighting
 + Level 13.8 Maces & Flails
 + Level 7.2 Dodging
 + Level 1.3 Shields


You had 10 spell levels left.
You didn't know any spells.
Your spell library was empty.

Dungeon Overview and Level Annotations

Branches:
Dungeon (12/15)            Temple (0/1) D:5             Orc (0/2) D:10
 Bailey (visited)
   Lair: D:8-11

Altars:
Dithmenos
Gozag
Nemelex Xobeh
Trog
Beogh

Shops:
D:10 *

Annotations:
D:10 2 runed translucent doors, 1 transporter
D:12 Sonja


Innate Abilities, Weirdness & Mutations

You are too large for most types of armour.
You have tough skin. (AC +1)


Message History

An earth elemental comes into view.
You barely miss the large abomination.
The large abomination is moderately damaged.
The thrashing horror roars!
The thrashing horror closely misses you.
The thrashing horror tramples you but does no damage.
The large abomination hits you!!
You barely miss the large abomination.
The large abomination is moderately damaged.
You block the thrashing horror's attack. x2
You whack the large abomination!
The large abomination is heavily damaged.
You barely miss the large abomination.
The large abomination is heavily damaged.
The large abomination barely misses you.
You hit the large abomination.
The large abomination is heavily damaged.
A quasit comes into view.
You hit the large abomination.
The large abomination is severely damaged.
You whack the large abomination!
Lightning courses through the large abomination!
You destroy the large abomination!
That felt strangely unrewarding.
You are no longer berserk.
You are exhausted.
You feel yourself slow down.
Your skin crawls.
You feel strong-willed. The thrashing horror tramples you!
You hold your ground!
The thrashing horror tramples you!
* * * LOW HITPOINT WARNING * * *
You hold your ground!
You block the thrashing horror's attack.
The thrashing horror tramples you.
* * * LOW HITPOINT WARNING * * *
You stumble backwards!
The water elemental hits you!!
* * * LOW HITPOINT WARNING * * *
The water elemental hits you!
You die...

#.# #.# .. #.#
.. .. #.# . .
... . #.#
...... .. #.#
#..... . ##.##
..###...
##.#X.@# ..
..... ..#E#E#
.........#...##
...........#..#
.
......5.##...$∩
. .....#. #..#⌠
# #...
####.###E## ..
#. #.# .#
.......... #.#
#


You could see a thrashing horror (strong), 2 water elementals and a quasit.

Vanquished Creatures
  A tengu warrior (D:10)
  A large abomination (Abyss:2)
  Pikel (D:8)
  2 orc knights (Bailey)
  An ugly thing (D:12)
  A gargoyle (D:12)
  Maggie (D:8)
  A tengu conjurer (D:9)
  2 trolls
  2 wyverns (D:10)
  4 yaks (D:9)
  A shadow (D:12)
  A wraith (D:12)
  3 vampire mosquitoes (D:10)
  An acid dragon (D:12)
  5 water moccasins
  14 orc warriors
  Duvessa (D:4)
  4 ice beasts
  3 black bears
  3 ogres
  3 centaurs
  A phantom (D:6)
  Blork the orc (D:6)
  2 kobold brigands
  5 bullfrogs
  2 gnoll sergeants
  2 necrophages
  2 scorpions (D:6)
  6 wights
  Dowan (D:4)
  A small abomination (Abyss:2)
  A howler monkey (D:6)
  2 hounds (D:4)
  2 jellies
  5 orc priests
  3 iguanas
  16 orc wizards
  11 gnolls
  6 adders
  A white imp (D:7)
  3 ufetubi
  3 worms
  A dart slug (D:2)
  43 orcs
  8 endoplasms
  8 giant cockroaches
  12 goblins
  9 hobgoblins
  5 jackals
  9 kobolds
  4 quokkas
  8 ball pythons
  9 bats
  12 frilled lizards
  9 rats
269 creatures vanquished.

Vanquished Creatures (others)
  5 plants (D:6)
5 creatures vanquished.

Grand Total: 274 creatures vanquished

Notes
Turn   | Place    | Note
-------+----------+-------------------------------------------
     0 | D:1      | Kenran the Ogre Berserker began the quest for the Orb.
     0 | D:1      | Reached XP level 1. HP: 24/24 MP: 1/1
   170 | D:1      | Reached XP level 2. HP: 29/32 MP: 2/2
   200 | D:1      | Found a faded altar of an unknown god.
   235 | D:1      | Reached skill level 3 in Maces & Flails
   683 | D:1      | Reached XP level 3. HP: 40/40 MP: 3/3
   914 | D:1      | Reached ** piety under Trog
  1139 | D:2      | Found a sparkling altar of Nemelex Xobeh.
  1241 | D:2      | Identified the +1 robe of Supple Strength {Int+2}
  1500 | D:2      | Reached XP level 4. HP: 39/49 MP: 4/4
  2053 | D:3      | Reached skill level 4 in Maces & Flails
  2180 | D:3      | Reached skill level 5 in Fighting
  2745 | D:4      | Reached XP level 5. HP: 57/57 MP: 5/5
  3313 | D:4      | Reached *** piety under Trog
  3320 | D:4      | Reached XP level 6. HP: 53/66 MP: 6/6
  4686 | D:4      | Noticed Dowan
  4687 | D:4      | Noticed Duvessa
  4700 | D:4      | Killed Duvessa
  4701 | D:4      | Reached skill level 5 in Maces & Flails
  4704 | D:4      | Killed Dowan
  4705 | D:4      | Reached XP level 7. HP: 75/75 MP: 7/7
  4934 | D:5      | Entered Level 5 of the Dungeon
  5272 | D:5      | Found a staircase to the Ecumenical Temple.
  5532 | D:5      | Found a sparkling altar of Nemelex Xobeh.
  5562 | D:5      | Reached skill level 6 in Maces & Flails
  6103 | D:6      | Reached skill level 5 in Dodging
  6103 | D:6      | Reached XP level 8. HP: 83/83 MP: 8/8
  6113 | D:6      | Reached skill level 7 in Maces & Flails
  6582 | D:6      | Reached skill level 8 in Maces & Flails
  7279 | D:6      | Reached skill level 9 in Maces & Flails
  7616 | D:6      | Noticed Blork the orc
  7625 | D:6      | Killed Blork the orc
  7626 | D:6      | Reached XP level 9. HP: 89/89 MP: 9/9
  8397 | D:7      | Reached skill level 10 in Maces & Flails
  9777 | D:8      | Noticed Maggie
  9787 | D:8      | Killed Maggie
  9788 | D:8      | Reached XP level 10. HP: 104/104 MP: 10/10
 10078 | D:8      | Noticed Pikel
 10256 | D:8      | Killed Pikel
 10997 | D:9      | Reached **** piety under Trog
 11142 | D:9      | Reached skill level 11 in Maces & Flails
 11681 | D:9      | Reached skill level 10 in Fighting
 12100 | D:10     | Entered Level 10 of the Dungeon
 12248 | D:10     | Noticed a tengu warrior
 12363 | D:10     | Killed a tengu warrior
 12364 | D:10     | Reached skill level 12 in Maces & Flails
 12364 | D:10     | Reached XP level 11. HP: 104/117 MP: 11/11
 12477 | D:10     | Noticed a naga warrior
 12482 | D:10     | Found a large runed translucent door.
 12483 | D:10     | Found a large runed translucent door.
 12487 | D:10     | Found a staircase to the Orcish Mines.
 12552 | D:10     | Found Iguisei's Fire Supplies.
 12674 | D:10     | Found a flagged portal.
 12720 | Bailey   | Entered a bailey
 13372 | Bailey   | Noticed an orc knight
 13385 | Bailey   | Killed an orc knight
 13386 | Bailey   | Reached skill level 13 in Maces & Flails
 13619 | Bailey   | Noticed an orc knight
 13635 | Bailey   | Killed an orc knight
 14103 | D:10     | Found an opulent altar of Gozag.
 14103 | D:10     | Found a bloodstained altar of Trog.
 14792 | D:10     | Found a shadowy altar of Dithmenos.
 14794 | D:10     | Found a transporter.
 14804 | D:10     | You fall into a shaft and drop 2 floors!
 15404 | D:12     | Reached skill level 1 in Shields
 15630 | D:12     | Noticed a red ugly thing
 15645 | D:12     | Killed a red ugly thing
 15661 | D:12     | Noticed Sonja
 15664 | D:12     | Cast into level 2 of the Abyss (Sonja)
 15709 | Abyss:2  | Noticed a thrashing horror
 15712 | Abyss:2  | Noticed a large abomination
 15735 | Abyss:2  | Killed a large abomination
 15736 | Abyss:2  | Slain by a water elemental

Illustrated notes

Levels and vault maps discovered:
D:1:      dpeg_cavernosity, layout_basic, chequers_ecumenical_altar_simple,
          chequers_hall_statues_corner_a
D:2:      layout_basic, basic_altar, hangedman_decor_growths
D:3:      layout_basic, interstate_on_off, minmay_diced_spiral
D:4:      layout_basic, uniq_duvessa
D:5:      layout_loops_ring, nemelex_spade_bored_becter,
          minmay_temple_entry_ruins
D:6:      minmay_bubble_buster, layout_loops_corners, minivault_25,
          minmay_lizard_king, uniq_blork_the_orc
D:7:      minmay_evil_eye, layout_cave_pods, st_stairs_1
D:8:      layout_loops_ring, uniq_maggie, uniq_pikel
D:9:      layout_roguey, kennysheep_nub, minmay_misc_feat_encased
D:10:     okawaru_arena_lexackson, layout_cross,
          nicolae_dithmenos_through_a_glass_darkly,
          gammafunk_temple_overflow_statue, minmay_orc_entry_temple_small,
          enter_bailey_3, gammafunk_ghost_wrathful_warriors,
          nicolae_shop_fire_sale [nicolae_sub_dead_trees]
D:12:     nzn_motion_control, layout_stronghold, uniq_sonja
Abyss:2:  base: D:10, base: D:5, hangedman_abyss_mock_shop,
          hangedman_abyss_mock_shop

Skill      XL: |  1  2  3  4  5  6  7  8  9 10 11 |
---------------+----------------------------------+-----
Maces & Flails | 3 4 5 6 9 10 12 13 | 13.8
Dodging        | 3 4 5 6 7 |  7.2
Fighting       | 5 6 8 10 | 10.2
Shields        | 1 |  1.3

Action                   |  1- 3 |  4- 6 |  7- 9 | 10-12 || total
-------------------------+-------+-------+-------+-------++-------
Melee: Mace              |   126 |   212 |       |       ||   338
       Punch             |     1 |     4 |     3 |       ||     8
       Flail             |       |       |   357 |    21 ||   378
       Whip              |       |       |       |   462 ||   462
Invok: Berserk           |       |     3 |    11 |    12 ||    26
       Trog's Hand       |       |       |     1 |     3 ||     4
       Brothers in Arms  |       |       |       |     1 ||     1
Evoke: Wand              |       |       |       |     1 ||     1
  Use: Scroll            |       |     4 |     6 |     5 ||    15
       Potion            |       |       |     2 |       ||     2
 Stab: Sleeping          |       |       |     1 |       ||     1
Armor: Animal skin       |    46 |       |       |       ||    46
       Robe              |    12 |    69 |    91 |    79 ||   251
Dodge: Dodged            |    65 |   125 |   174 |   213 ||   577
Block: Kite shield       |       |       |       |   104 ||   104

Table legend: (Time is in decaauts)
 A = Elapsed time spent in this place.
 B = Non-inter-level travel time spent in this place.
 C = Inter-level travel time spent in this place.
 D = Time resting spent in this place.
 E = Time spent auto-exploring this place.
 F = Levels seen in this place.
 G = Mean time per level.
                   A        B        C        D        E       F      G
               +--------+--------+--------+--------+--------+-----+--------+
         Total |  15951 |  15509 |    442 |   4441 |   7984 |  13 | 1227.0 |
       Dungeon |  14471 |  14029 |    442 |   3694 |   7614 |  11 | 1315.5 |
         Abyss |     69 |     69 |      0 |     22 |      0 |   1 |   69.0 |
        Bailey |   1411 |   1411 |      0 |    724 |    370 |   1 | 1411.0 |
               +--------+--------+--------+--------+--------+-----+--------+

Top non-repeatable levels by time:
     D:6: 2141 daAuts
     D:4: 1875 daAuts
     D:7: 1772 daAuts
  Bailey: 1411 daAuts
     D:9: 1254 daAuts
     D:8: 1225 daAuts
     D:3: 1201 daAuts
    D:10: 1168 daAuts
     D:1: 1162 daAuts
     D:5: 996 daAuts
    D:12: 874 daAuts
     D:2: 798 daAuts
 Abyss:2: 69 daAuts
